AoeStats
← Leonidas308284

Arena

510877236Analyzed
4v4 RM · 13h ago on Oct 2, 2026· 46m 38s· 8 players
Game mode
Random Map
Map size
Large (8 player)
Population
200
Speed
Normal
Resources
Standard
Victory
Conquest
Starting age
Dark Age
Ending age
Imperial Age
RankedLock teamsTeams togetherTeam positionsShared explorationLock speedFull tech treeHidden civsTurbo modeCheats
Victory
Defeat
🇩🇪 Hindustanis · Germany
825
+12
🇲🇽 Persians · Mexico
824
+12
🇸🇬 Huns · Singapore
794
+13
🇺🇸 Franks · United States
706
+17
🇨🇦 Britons · Canada
782
-16
🇺🇸 Saxons · United States
746
-14
🇲🇽 Spanish · Mexico
714
-13
🇳🇿 Wei · New Zealand
669
-11
weefimonster
10:18 Feudal Age
15:54 Castle Age
15:17 Fletching
15:23 Double-Bit Axe
15:20 Horse Collar
17:02 Bodkin Arrow
17:39 Bow Saw
17:35 Heavy Plow
19:58 Stone Mining
21:50 Pikeman
23:42 Ballistics
23:34 Fortified Wall
25:31 Padded Archer Armor
25:37 Scale Mail Armor
25:56 Loom
26:01 Town Watch
27:24 Leather Archer Armor
28:22 Chain Mail Armor
28:33 Squires
29:41 Leather Archer Armor
29:36 Forging
29:53 Yeomen
33:43 Town Patrol
36:52 Imperial Age
37:15 Elite Longbowman
38:01 Bracer
39:03 Chemistry
37:59 Guard Tower
38:07 Murder Holes
37:47 Halberdier
39:03 Plate Mail Armor
39:08 Iron Casting
40:15 Conscription
40:32 Hoardings
zKiNGvSTON4z
14:26 Feudal Age
15:01 Double-Bit Axe
15:57 Wheelbarrow
15:07 Horse Collar
15:27 Gold Mining
20:04 Scale Barding Armor
23:05 Castle Age
22:03 Bloodlines
23:14 Forging
23:51 Heavy Plow
24:13 Hand Cart
24:20 Bow Saw
25:41 Gold Shaft Mining
25:02 Stone Mining
28:55 Husbandry
29:44 Iron Casting
30:15 Light Cavalry
30:54 Treadmill Crane
31:41 Chain Barding Armor
35:55 Imperial Age
34:19 Caravan
40:32 Blast Furnace
39:51 Masonry
40:19 Ming Guang Armor
42:39 Elite Tiger Cavalry
44:23 Ballistics
44:08 Scale Mail Armor
𝓐 ♠ 𝓐 ♥
10:17 Feudal Age
11:36 Wheelbarrow
10:50 Double-Bit Axe
11:19 Horse Collar
16:02 Town Watch
21:42 Castle Age
19:38 Gold Mining
19:41 Stone Mining
22:51 Bow Saw
22:46 Heavy Plow
22:39 Fletching
24:05 Bodkin Arrow
24:34 Ballistics
25:16 Masonry
28:46 Murder Holes
josefero91
2:33 Loom
12:51 Feudal Age
14:08 Wheelbarrow
18:30 Castle Age
18:08 Double-Bit Axe
19:45 Hand Cart
22:02 Bow Saw
32:10 Stone Mining
32:11 Gold Mining
35:01 Imperial Age
33:14 Scale Barding Armor
33:20 Forging
33:11 Scale Mail Armor
34:18 Husbandry
34:29 Bloodlines
33:42 Light Cavalry
36:47 Two-Man Saw
36:51 Cavalier
39:14 Conscription
39:29 Chain Barding Armor
39:45 Iron Casting
39:52 Paladin
41:06 Hussar
Leonidas308284
2:57 Loom
10:46 Feudal Age
11:06 Double-Bit Axe
11:03 Horse Collar
14:53 Wheelbarrow
14:50 Gold Mining
20:44 Castle Age
19:45 Stone Mining
22:18 Gold Shaft Mining
21:59 Heavy Plow
25:02 Stone Shaft Mining
26:04 Kamandaran
27:55 Crossbowman
30:01 Ballistics
30:57 Thumb Ring
31:17 Murder Holes
34:23 Imperial Age
33:46 Heated Shot
34:52 Light Cavalry
35:42 Bloodlines
35:33 Husbandry
36:53 Chemistry
36:08 Bow Saw
36:55 Hoardings
37:20 Cavalier
37:49 Onager
40:06 Sappers
41:21 Savar
43:13 Elite War Elephant
46:59 Masonry
jd.bu.beard
13:32 Feudal Age
18:42 Castle Age
23:30 Scale Barding Armor
23:36 Forging
27:36 Chain Barding Armor
27:51 Iron Casting
32:09 Imperial Age
32:18 Scale Mail Armor
32:18 Cavalier
33:39 Plate Barding Armor
34:05 Blast Furnace
33:29 Conscription
33:58 Paladin
35:04 Chivalry
39:13 Chain Mail Armor
Soldaris
1:22 Loom
9:16 Feudal Age
9:44 Double-Bit Axe
11:33 Wheelbarrow
12:58 Gold Mining
13:41 Horse Collar
15:30 Stone Mining
21:39 Castle Age
20:06 Fletching
22:32 Bow Saw
22:24 Heavy Plow
23:04 Gold Shaft Mining
22:40 Caravan
23:29 Hand Cart
33:24 Imperial Age
30:41 Town Watch
31:48 Ballistics
31:43 Bodkin Arrow
31:59 Forging
34:08 Bracer
34:30 Conscription
35:16 Two-Man Saw
35:20 Iron Casting
34:51 Scale Barding Armor
34:44 Murder Holes
35:50 Chemistry
35:45 Marauders
35:06 Elite Tarkan
36:11 Bloodlines
36:16 Husbandry
37:16 Chain Barding Armor
40:04 Blast Furnace
39:40 Plate Barding Armor
40:25 Scale Mail Armor
40:26 Padded Archer Armor
41:20 Pikeman
42:01 Squires
42:29 Halberdier
Jimmy Levy (GEO)
11:45 Feudal Age
15:37 Castle Age
14:42 Double-Bit Axe
15:14 Horse Collar
17:26 Bow Saw
21:17 Loom
23:00 Town Watch
24:20 Wheelbarrow
25:24 Hand Cart
30:05 Imperial Age
28:14 Gold Mining
29:53 Gold Shaft Mining
29:10 Stone Mining
29:48 Fortified Wall
30:31 Scale Barding Armor
31:51 Chemistry
30:57 Siege Engineers
31:13 Ballistics
30:57 Scale Mail Armor
31:07 Forging
30:58 Padded Archer Armor
32:15 Two-Man Saw
31:56 Chain Barding Armor
32:23 Stone Shaft Mining
32:31 Heavy Plow
34:22 Iron Casting
33:22 Heavy Camel Rider
34:02 Husbandry
34:13 Bloodlines
34:08 Caravan
35:51 Plate Barding Armor
35:36 Chain Mail Armor
34:55 Imperial Camel Rider
36:44 Blast Furnace
35:34 Fletching
36:00 Leather Archer Armor
35:57 Masonry
37:20 Hoardings
36:46 Grand Trunk Road
37:07 Conscription
36:18 Elite Skirmisher
37:50 Coinage
38:30 Town Patrol
38:32 Light Cavalry
38:37 Elite Ghulam
39:55 Bodkin Arrow
41:31 Ring Archer Armor
41:58 Banking
42:18 Bracer
41:59 Hussar
42:14 Siege Elephant
Connection lost

Rejoining the realm…

Still unreachable

The connection could not be restored.

Session expired

The server has moved on; the page needs a fresh start.